 Dungeon Crawl Stone Soup version 0.32-a0-913-g739538afd8 (webtiles) character file.

Game seed: 6783051904783457127

173 kae the Changeling (level 5, 0/39 HPs)
             Began as a Demonspawn Shapeshifter on Apr 9, 2024.
             Slain by an orc
             ... wielding a +0 flail
              (6 damage)
             ... on level 3 of the Dungeon.
             The game lasted 00:01:55 (1973 turns).

kae the Changeling (Demonspawn Shapeshifter)        Turns: 1973, Time: 00:01:56

Health: 0/39       AC:  2    Str: 14    XL:     5   Next: 28%
Magic:  5/5        EV: 13    Int: 11    God:
Gold:   170        SH:  0    Dex: 14    Spells: 4/4 levels left

rFire   . .          .
                       - Unarmed
rCold   . . .        (no shield)
rNeg    . . .        a - +0 animal skin
rPois   +            (helmet currently unavailable)
rElec   .            (cloak currently unavailable)
rCorr   .            (gloves currently unavailable)
SInv    .            (boots currently unavailable)
Will    .....        (no amulet)
Stlth   +            P - ring of poison resistance
HPRegen 0.26/turn    (no ring)
MPRegen 0.09/turn

%: no passive effects
@: mighty, beast-form
A: beast (slay +2), repulsion field 1, powered by pain 2
a: Begin Untransformation


You were on level 3 of the Dungeon.
You were a hulking beast.
You visited 1 branch of the dungeon, and saw 4 of its levels.

You collected 170 gold pieces.


Innate Abilities, Weirdness & Mutations

You are a hulking beast.
Your limbs bulge with bestial killing power. (Slay +2)
You are surrounded by a mild repulsion field. (EV +2)
You sometimes gain power by taking damage.


   Skills:
 + Level 2.6 Fighting
 - Level 1.7 Dodging
 + Level 3.5 Unarmed Combat
 * Level 4.1 Shapeshifting


You had 4 spell levels left.
You didn't know any spells.
Your spell library contained the following spells:

 Spells                   Type           Power      Damage    Failure   Level
 Tukima's Dance           Hex            0%         N/A       71%         3
 Dimensional Bullseye     Hex/Tloc       0%         N/A       98%         4
 Iskenderun's Mystic Bla Conj/Tloc 0%             2d3        (+2d1     98%         4

Inventory:

Missiles
 e - 30 stones (quivered)
 i - 2 javelins
 l - 6 poisoned darts
Armour
 a - a +0 animal skin (worn)
 m - a +0 helmet
   (You found it on level 2 of the Dungeon)
 o - a +0 cloak
   (You found it on level 2 of the Dungeon)
Jewellery
 P - a ring of poison resistance (left hand)
   (You found it on level 2 of the Dungeon)
Talismans
 c - a beast talisman (active)
 d - a flux talisman
Scrolls
 f - a scroll of silence {!r}
 n - a scroll of brand weapon
 p - a scroll of identify {@r1}
 q - 2 scrolls of teleportation {@r4}
Potions
 b - a potion of lignification {!q}
 h - a potion of haste {unknown}
 j - a potion of berserk rage {!q}
 k - a potion of mutation {!q}

Dungeon Overview and Level Annotations

Branches:
Dungeon (4/15) Zot: 22028
 Temple: D:4-7

Altars:
Xom

........##.......# #.##
.........#.####### #.#
...)...#.#..### #.#
......##.##...# ##.#
.......#....#.# #..#
.......####.#.# #.##
.........##...# #.#
......##>###.>######## #.#
.#...###.# #..ooh....###
#.# ......##.#
###.#####...# #.#
#####.##.## #..# ###.###
#.# #.....## ##.####
#...###.#
####...####....#####...#.#
#####........#####...#
###...# ......####.###
###.# #..##### #######
#.#########.#####..<...#
#........##..........#.#


You could see 2 orcs.


Message History

There are monsters nearby!
You hit the dart slug.
You kill the dart slug!
The bat barely misses you. The bat barely misses you.
A bat is nearby!
A bat is nearby!
The bat closely misses you. The bat misses you.
You hit the bat.
You kill the bat!
A rat comes into view.
The rat squeaks loudly.
A rat is nearby!
The rat closely misses you.
A rat is nearby!
You completely miss the rat. You hit the rat.
You kill the rat!
You now have 156 gold pieces (gained 15).
p - a scroll of identify {@r1} No target in view!
No target in view!
You now have 170 gold pieces (gained 14).
q - a scroll of teleportation {@r4} No target in view!
No target in view!
You see here a +0 whip.
You see here a +0 ring mail.
You see here a +0 dagger.
q - 2 scrolls of teleportation {@r4} (gained 1) Key pressed, stopping explore.
Key pressed, stopping explore.
No target in view!
No target in view!
Done exploring.
Done exploring.
You see here a +0 dagger.
There is a stone staircase leading down here.
You climb downwards.
The bullfrog gives a loud, deep croak!
The orc priest shouts!
The orc shouts!
The orc priest shouts!
You hear an angry hiss.
The endoplasm hits you. x2
Found 11 gold pieces and an inky potion.
Found a stone staircase leading down.
There is a stone staircase leading up here. 😕 HP[-4]
You take 4 damage, and now have 35/39 hp.
Okay, then.
The orc shouts!
You hit the endoplasm. The endoplasm closely misses you.
You barely miss the endoplasm. The endoplasm freezes you.
You are frozen.
The orc priest invokes the aid of Beogh against you.
Beogh smites you!
* * * LOW HITPOINT WARNING * * *
You focus on the pain.
You feel very mighty all of a sudden.
The orc priest shouts, "Beogh offers mercy even to people such as you.
Join us and be reborn!" (press Y on the ability menu to convert to Beogh) 😨 HP[-16]
You take 16 damage, and now have 19/39 hp.
MASSIVE DAMAGE!! (PAUSE) Unknown command.
The endoplasm hits you but does no damage.
The orc priest looks encouraged for a moment.
The orc priest calls down the wrath of Beogh upon you.
Beogh smites you!
* * * LOW HITPOINT WARNING * * *
You focus on the pain.
You feel mightier all of a sudden. The orc hits you with a +0 flail.
* * * LOW HITPOINT WARNING * * *
The orc misses you.
You climb upwards.
There is a stone staircase leading down here.
Unknown command. 😱 HP[-16]
You take 16 damage, and now have 3/39 hp.
MASSIVE DAMAGE!! (PAUSE) Unknown command. 😱 HP[+1]
The endoplasm attacks as it pursues you!
The endoplasm misses you. The orc barely misses you.
You feel better.
The endoplasm completely misses you. 😨 HP[+11]
You regained 11 hp, and now have 15/39 hp.
You punch the endoplasm!
You kill the endoplasm! 😨 HP[+1]
The orc hits you with a +0 flail!
* * * LOW HITPOINT WARNING * * *
The orc hits you with a +0 flail.
* * * LOW HITPOINT WARNING * * *
😱 HP[-10]
You take 10 damage, and now have 6/39 hp.
MASSIVE DAMAGE!! (PAUSE)
The orc barely misses you.
You barely miss the orc. The orc hits you with a +0 flail.
You die...

Skill      XL: |  1  2  3  4  5 |
---------------+----------------+-----
Shapeshifting  | 3 4 |  4.1
Unarmed Combat | 3 |  3.5
Fighting       | 2 |  2.6
Dodging        | |  1.7

Action                     |  1- 3 |  4- 6 || total
---------------------------+-------+-------++-------
  Melee: Unarmed           |   103 |    66 ||   169
         Punch             |     3 |     3 ||     6
    Use: Scroll            |     5 |     4 ||     9
         Potion            |       |     1 ||     1
   Stab: Sleeping          |       |     1 ||     1
 Armour: Animal skin       |    56 |    35 ||    91
  Dodge: Dodged            |    81 |    56 ||   137

Levels and vault maps discovered:
D:1:      tarquinn_simple_flora_water_c, layout_rooms
D:2:      layout_basic, st_stairs_6, nicolae_wormholes, uniq_natasha
D:3:      layout_rooms, mainiacjoe_overflow_tiny_flanked
D:4:      layout_basic, minmay_misc_feat_roman, saegor_snake_ambush, uniq_ijyb,
          uniq_menkaure, uniq_blork_the_orc

Notes
Turn   | Place    | Note
-------+----------+-------------------------------------------
     0 | D:1      | kae the Demonspawn Shapeshifter began the quest for the
                  | Orb.
     0 | D:1      | Reached XP level 1. HP: 15/15 MP: 1/1
     0 | D:1      | magus.rc [v1.11.3]
   140 | D:1      | Gained mutation: You are surrounded by a mild repulsion
                  | field. (EV +2) [demonic ancestry]
   140 | D:1      | Reached XP level 2. HP: 17/21 MP: 2/2
   163 | D:1      | Reached skill level 3 in Shapeshifting
   349 | D:1      | You pick up a book of Weapons and begin reading...
   349 | D:1      | You add the spells Tukima's Dance, Dimensional Bullseye and
                  | Iskenderun's Mystic Blast to your library.
   468 | D:2      | Reached skill level 3 in Unarmed Combat
   528 | D:2      | HP: 5/21 [ribbon worm (2)]
   607 | D:2      | Gained mutation: You sometimes gain a little power by
                  | taking damage. [demonic ancestry]
   607 | D:2      | Reached XP level 3. HP: 21/26 MP: 3/3
   992 | D:2      | Noticed Natasha
  1000 | D:2      | Killed Natasha
  1001 | D:2      | Reached skill level 2 in Fighting
  1001 | D:2      | Gained mutation: You sometimes gain power by taking damage.
                  | [demonic ancestry]
  1001 | D:2      | Reached XP level 4. HP: 12/33 MP: 4/4
  1279 | D:2      | Noticed Natasha
  1295 | D:2      | Killed Natasha
  1330 | D:2      | Noticed Natasha
  1337 | D:2      | Killed Natasha
  1566 | D:3      | Found a shimmering altar of Xom.
  1749 | D:3      | Reached XP level 5. HP: 32/39 MP: 5/5
  1759 | D:3      | Reached skill level 4 in Shapeshifting
  1964 | D:4      | HP: 9/39 [orc priest/divine providence (10)]
  1964 | D:4      | HP: 3/39 [orc/+0 flail (6)]
  1971 | D:3      | HP: 8/39 [orc/+0 flail (8)]
  1973 | D:3      | Slain by an orc

Vanquished Creatures
  A bombardier beetle (D:3)
  Natasha (thrice) (D:2)
  3 ribbon worms (D:2)
  3 dart slugs
  3 bats
  6 endoplasms
  2 giant cockroaches
  5 goblins
  2 hobgoblins
  5 jackals
  3 quokkas
  7 ball pythons
  2 frilled lizards
  5 kobolds
  5 rats
55 creatures vanquished.

Table legend:
 A = Non-vault XP
 B = Vault XP
 C = Vault XP percentage of total XP
 D = Non-vault monster count
 E = Vault monster count
 F = Vault count percentage of total count
                 A         B        C        D         E       F
            +---------+---------+-------+---------+---------+-------
      Total |     200 |      48 |  19.4 |      51 |       4 |   7.3
            +---------+---------+-------+---------+---------+-------
        D:1 |      25 |       0 |   0.0 |      14 |       0 |   0.0
        D:2 |      97 |      48 |  33.1 |      17 |       4 |  19.0
        D:3 |      78 |       0 |   0.0 |      20 |       0 |   0.0
            +---------+---------+-------+---------+---------+-------

Skill      XL: |  1  2  3  4  5 |
---------------+----------------+-----
Shapeshifting  | 3 4 |  4.1
Unarmed Combat | 3 |  3.5
Fighting       | 2 |  2.6
Dodging        | |  1.7

Action                     |  1- 3 |  4- 6 || total
---------------------------+-------+-------++-------
  Melee: Unarmed           |   103 |    66 ||   169
         Punch             |     3 |     3 ||     6
    Use: Scroll            |     5 |     4 ||     9
         Potion            |       |     1 ||     1
   Stab: Sleeping          |       |     1 ||     1
 Armour: Animal skin       |    56 |    35 ||    91
  Dodge: Dodged            |    81 |    56 ||   137

Illustrated notes

Table legend:
 A = Kills in this place as a percentage of kills in the entire game.
 B = Kills by you in this place as a percentage of kills by you in the entire game.
 C = Kills by friends in this place as a percentage of kills by friends in the entire game.
 D = Other kills in this place as a percentage of other kills in the entire game.
 E = Experience gained in this place as a percentage of experience gained in the entire game.
 F = Experience gained in this place divided by the number of levels of this place that you have seen.
                   A       B       C       D       E      F
               +-------+-------+-------+-------+-------+----------------------
         Total | 100.0 | 100.0 |   N/A |   N/A | 100.0 |  62.0
       Dungeon | 100.0 | 100.0 |   N/A |   N/A | 100.0 |  62.0
               +-------+-------+-------+-------+-------+----------------------

Table legend: (Time is in decaauts)
 A = Elapsed time spent in this place.
 B = Non-inter-level travel time spent in this place.
 C = Inter-level travel time spent in this place.
 D = Time resting spent in this place.
 E = Time spent auto-exploring this place.
 F = Levels seen in this place.
 G = Mean time per level.
                   A        B        C        D        E       F      G
               +--------+--------+--------+--------+--------+-----+--------+
         Total |   1970 |   1910 |     60 |    133 |   1391 |   4 |  492.5 |
       Dungeon |   1970 |   1910 |     60 |    133 |   1391 |   4 |  492.5 |
               +--------+--------+--------+--------+--------+-----+--------+

Top non-repeatable levels by time:
     D:2: 953 daAuts
     D:3: 564 daAuts
     D:1: 449 daAuts
     D:4: 3 daAuts
